 Dungeon Crawl Stone Soup version 0.30.0-19-g36f170ea60 (webtiles) character file.

Game seed: 97035467627976561

8 croobank the Caller (level 2, -3/20 HPs)
             Began as a Gnoll Summoner on May 27, 2023.
             Succumbed to a goblin's poison
             ... on level 1 of the Dungeon.
             The game lasted 00:01:41 (67 turns).

croobank the Caller (Gnoll Summoner)                  Turns: 67, Time: 00:01:41

Health: -3/20      AC:  2    Str:  7    XL:     2   Next: 8%
Magic:  5/7        EV: 13    Int: 14    God:
Gold:   14         SH:  0    Dex: 12    Spells: 7/10 levels left

rFire   + . .        a - +0 dagger
rCold   + . .        (no shield)
rNeg    . . .        e - +0 robe
rPois   +            (no helmet)
rElec   +            (no cloak)
rCorr   +            (no gloves)
SInv    .            (no boots)
Will    .....        (no amulet)
Stlth   ++           (no ring)
HPRegen 0.23/turn    (no ring)
MPRegen 0.10/turn

%: no passive effects
@: lethally poisoned (-3 -> -17), resistant
A: fangs 1, strong nose, distributed training
a: no special abilities


You were on level 1 of the Dungeon.
You visited 1 branch of the dungeon, and saw 1 of its levels.

You collected 14 gold pieces.

Inventory:

Hand Weapons
 a - a +0 dagger (weapon)
 b - a +0 sling
Armour
 e - a +0 robe (worn)
Potions
 c - a potion of magic


   Skills:
 + Level 0.3 Fighting
 + Level 0.3 Short Blades
 + Level 0.3 Long Blades
 + Level 0.3 Axes
 + Level 0.3 Maces & Flails
 + Level 0.3 Polearms
 + Level 0.3 Staves
 + Level 0.3 Ranged Weapons
 + Level 0.3 Throwing
 + Level 0.3 Armour
 + Level 4.4 Dodging
 + Level 4.0 Stealth
 + Level 0.3 Shields
 + Level 0.3 Unarmed Combat
 + Level 4.9 Spellcasting
 + Level 0.2 Conjurations
 + Level 0.2 Hexes
 + Level 7.0 Summonings
 + Level 0.2 Necromancy
 + Level 0.2 Translocations
 + Level 0.2 Transmutations
 + Level 0.2 Fire Magic
 + Level 0.2 Ice Magic
 + Level 0.2 Air Magic
 + Level 0.2 Earth Magic
 + Level 0.2 Poison Magic
 + Level 0.4 Invocations
 + Level 0.3 Evocations


You had 7 spell levels left.
You knew the following spells:

 Your Spells              Type           Power      Damage    Failure   Level
a - Summon Small Mammal   Summ           92%        N/A       1%          1
b - Call Imp              Summ           46%        N/A       1%          2

Your spell library contained the following spells:

 Spells                   Type           Power      Damage    Failure   Level
 Call Canine Familiar     Summ           23%        N/A       3%          3
 Summon Guardian Golem    Hex/Summ       13%        N/A       12%         3
 Summon Lightning Spire   Summ/Air       13%        N/A       36%         4


Dungeon Overview and Level Annotations

Branches:
Dungeon (1/15)

Altars:


Innate Abilities, Weirdness & Mutations

You have very sharp teeth.
Your uncanny sense of smell can sniff out nearby items.
Your experience applies equally to all skills.


Message History

No target in view!
A goblin comes into view. It is wielding a +2 dagger of venom.
You completely miss the bat. You bite the bat, but do no damage.
The bat hits you but does no damage. The bat closely misses you.
Your quokka barely misses the bat.
You barely miss the bat. You bite the bat, but do no damage. The bat hits you.
The bat completely misses you.
Your quokka bites the bat.
You hit the bat. Your bite misses the bat.
The bat is heavily wounded.
The bat hits you but does no damage. The bat closely misses your quokka.
The goblin hits you with a +2 dagger of venom.
You are poisoned.
You hit the goblin.
The goblin is moderately wounded.
You feel sick.
Your quokka disappears in a puff of smoke! x2
The bat hits you. The goblin barely misses you.
You closely miss the goblin.
You feel sick. The bat completely misses you.
The goblin hits you with a +2 dagger of venom.
You are lethally poisoned!
You closely miss the goblin.
You feel very sick. The bat barely misses you.
The goblin hits you with a +2 dagger of venom.
* * * LOW HITPOINT WARNING * * *
You are more poisoned.
It was a potion of resistance.
You feel protected.
* * * LOW HITPOINT WARNING * * *
You feel very sick. The bat misses you. x2
The goblin hits you with a +2 dagger of venom.
* * * LOW HITPOINT WARNING * * *
Casting: Summon Small Mammal (safe; 1% risk of failure)
Confirm with . or Enter, or press ? or * to list all spells.
Okay, then.
Casting: Summon Small Mammal (safe; 1% risk of failure)
Confirm with . or Enter, or press ? or * to list all spells.
A tiny devil pulls itself out of the air.
You die...

..## ..#.....
#...#.$......
#..#.#.#.... ∆
#...#?#....
#..#...#.# #.#.#$#.##
##..#.#5#.###..
#######......@g......
#........)†.b#.####..
#......###..##.# ∆
####......# ##....#
#....†...## ####.#
..##.....# .#
########## ## # #


You could see a goblin (ally target), a bat and a friendly cerulean imp
(summoned).

Vanquished Creatures
  An endoplasm (D:1)
  A quokka (D:1)
2 creatures vanquished.

Vanquished Creatures (collateral kills)
  A ball python (D:1)
  An endoplasm (D:1)
  2 goblins (D:1)
4 creatures vanquished.

Grand Total: 6 creatures vanquished

Notes
Turn   | Place    | Note
-------+----------+-------------------------------------------
     0 | D:1      | croobank the Gnoll Summoner began the quest for the Orb.
     0 | D:1      | Reached XP level 1. HP: 13/13 MP: 6/6
    49 | D:1      | Reached XP level 2. HP: 19/19 MP: 7/7
    54 | D:1      | Learned a level 2 spell: Call Imp
    66 | D:1      | HP: 1/20 [goblin/+2 dagger of venom (1)]
    67 | D:1      | Succumbed to a goblin's poison

Illustrated notes

Levels and vault maps discovered:
D:1:      dpeg_arrival_rooms_c, layout_rooms, serial_curves, eino_curves_04,
          eino_curves_01, corexii_corridor_pit, minmay_tiny_reverse_x

Action                     || total
---------------------------++-------
  Melee: Dagger            ||     7
         Bite              ||     2
   Fire: Sling             ||     9
   Cast: Summon Small Mamm ||     2
         Call Imp          ||     1
    Use: Potion            ||     1
 Armour: Robe              ||     3
  Dodge: Dodged            ||    10
